Description

sTATS VS SERRAL FINAL

Replay - Final - Finland vs South Korea - Map 4

Build Order

Get SALT Encoding   

  12  0:00  Probe  
  13  0:12  Probe  
  14  0:19  Pylon  
  14  0:24  Probe  
  15  0:37  Probe (Chrono Boost)  
  15  0:39  Gateway  
  16  0:46  Assimilator, Probe (Chrono Boost)  
  17  0:51  Probe (Chrono Boost)  
  18  1:03  Probe  
  19  1:15  Probe  
  20  1:24  Nexus  
  20  1:34  Cybernetics Core  
  20  1:37  Probe  
  21  1:44  Assimilator  
  21  1:49  Probe  
  22  1:54  Pylon  
  23  2:09  Adept (Chrono Boost)  
  26  2:17  Stargate  
  26  2:26  Warp Gate  
  27  2:32  Adept  
  35  3:01  Phoenix (Chrono Boost)  
  35  3:04  Pylon  
  39  3:15  Gateway  
  41  3:22  Oracle (Chrono Boost)  
  45  3:31  Assimilator x2  
  46  3:36  Pylon  
  48  3:49  Pylon  
  48  3:50  Oracle (Chrono Boost)  
  55  4:11  Robotics Facility  
  55  4:16  Adept x2  
  58  4:38  Adept x2  
  64  4:50  Nexus  
  64  4:59  Sentry x2  
  70  5:09  Observer, Forge  
  70  5:11  Twilight Council  
  69  5:24  Sentry x2  
  69  5:28  Immortal (Chrono Boost)  
  81  5:45  Protoss Ground Weapons Level 1 (Chrono Boost)  
  81  5:46  Charge  
  83  5:51  Gateway x2  
  83  5:53  Templar Archives  
  83  6:00  Immortal (Chrono Boost)  
  89  6:06  Shield Battery  
  89  6:10  Phoenix x2  
  93  6:19  Assimilator x2  
  93  6:24  Gateway x2  
  95  6:29  Immortal (Chrono Boost)  
  104  6:49  Gateway x2  
  105  7:00  Warp Prism (Chrono Boost)  
  104  7:11  Photon Cannon  
  104  7:12  Robotics Facility  
  104  7:13  High Templar x4  
  112  7:19  Archon x2  
  112  7:20  Zealot x2  
  112  7:21  Psionic Storm  
  116  7:27  Photon Cannon x2  
  116  7:31  Protoss Ground Weapons Level 2 (Chrono Boost)  
  116  7:45  High Templar x2  
  116  7:47  Phoenix x2  
  116  7:49  Zealot x6  
  132  7:58  Nexus  
  132  8:04  Immortal (Chrono Boost)  
  132  8:11  Immortal (Chrono Boost)  
  136  8:18  High Templar x2, Photon Cannon  
  144  8:27  Shield Battery x2  
  144  8:32  Photon Cannon x2  
  147  8:47  Immortal (Chrono Boost)  
  155  8:57  Blink  
  155  8:58  Immortal (Chrono Boost)  
  155  9:00  Assimilator, Photon Cannon  
  158  9:05  Assimilator  
  152  9:19  High Templar x2  
  160  9:25  Photon Cannon  
  160  9:26  Gateway x2  
  160  9:28  Archon x2  
  160  9:33  Zealot x2  
  168  9:41  Protoss Ground Weapons Level 3 (Chrono Boost)  
  168  9:46  Fleet Beacon  
  168  9:48  Photon Cannon  
Spawning Tool Build Advisor. Get it on Overwolf

Go to:

Details

  • Created by: gntkchacal
  • Published on: Dec 19, 2019
  • Modified on: Dec 19, 2019
  • Patch: 4.11.0
Show
View Real Time Build Order
Export as new Build Order

Comments (0)

There are no comments. Be the first!

Create an account to comment!